 Dungeon Crawl Stone Soup version 0.25-a0-1126-g5fd7b56c60 (webtiles) character file.

Game seed: 6432230830422763293, levelgen mode: deterministic

457 DerDa the Chiller (level 7, -2/46 HPs)
             Began as a Merfolk Ice Elementalist on May 19, 2020.
             Was a Believer of Sif Muna.
             Killed from afar by an orc wizard (11 damage)
             ... with a puff of frost
             ... on level 4 of the Dungeon.
             The game lasted 00:09:17 (3753 turns).

DerDa the Chiller (Merfolk Ice Elementalist)        Turns: 3753, Time: 00:09:18

Health: -2/46      AC:  4    Str:  8    XL:     7   Next: 6%
Magic:  8/13       EV: 14    Int: 17    God:    Sif Muna [**....]
Gold:   318        SH:  0    Dex: 14    Spells: 7/14 levels left

rFire    . . .     SeeInvis .   n - +0 flail (holy)
rCold    . . .     Gourm    .   (no shield)
rNeg     . . .     Faith    .   a - +0 robe
rPois    .         Spirit   .   t - +0 helmet
rElec    .         Reflect  .   (no cloak)
rCorr    .         Harm     .   w - +0 pair of gloves
MR       .....                  (no boots)
Stlth    ++........             (no amulet)
HPRegen  0.15/turn              (no ring)
MPRegen  0.13/turn              (no ring)

@: no status effects
A: change form in water, swift swim, stealthy swim
a: Channel Magic, Renounce Religion


You were on level 4 of the Dungeon.
You worshipped Sif Muna.
Sif Muna was pleased with you.
You were not hungry.

You visited 1 branch of the dungeon, and saw 4 of its levels.

You collected 318 gold pieces.

Inventory:

Hand Weapons
 k - a +0 club
 n - a +0 flail of holy wrath (weapon)
 u - a +0 hunting sling
Missiles
 o - 147 stones
 v - 7 poisoned darts (quivered)
Armour
 a - a +0 robe (worn)
 t - a +0 helmet (worn)
 w - a +0 pair of gloves (worn)
Jewellery
 h - an uncursed ring of fire {unknown}
Scrolls
 d - a scroll of blinking {unknown}
 i - 3 scrolls of remove curse {unknown}
 l - 2 scrolls of identify {unknown}
 p - a scroll of enchant weapon {unknown}
 q - 2 scrolls of teleportation {unknown}
Potions
 b - a potion of haste {unknown}
 e - a potion of stabbing {unknown}
 f - a potion of might {unknown}
 g - a potion of flight {unknown}
 j - a potion of heal wounds {unknown}
 m - 2 potions of curing {unknown}
 r - a potion of lignification {unknown}
 s - a potion of brilliance {unknown}
Comestibles
 c - 7 rations
 x - 5 chunks of flesh


   Skills:
 + Level 4.7 Dodging
 - Level 2.1 Stealth
 * Level 4.2 Spellcasting
 * Level 6.3 Ice Magic
 + Level 2.4 Invocations


You had 7 spell levels left.
You knew the following spells:

 Your Spells              Type           Power        Failure   Level  Hunger
a - Freeze                Ice            ####         1%          1    None
b - Frozen Ramparts       Ice            ####..       3%          3    ###....
c - Ozocubu's Armour      Chrm/Ice       ##......     12%         3    ###....

Your spell library contained the following spells:

 Spells                   Type           Power        Failure   Level  Hunger
 Hailstorm                Conj/Ice       ##......     38%         4    ####...
 Summon Ice Beast         Ice/Summ       ##......     38%         4    ####...


Dungeon Overview and Level Annotations

Branches:
Dungeon (4/15)
 Temple: D:4-7

Altars:
Fedhas
Ru
Sif Muna
Vehumet


Message History

Sif Muna accepts your kill.
Natasha yowls pathetically as she dies!
The iron imp disappears in a puff of smoke!
The orc shouts!
The orc wizard hits you but does no damage.
The orc wizard gestures at you while chanting.
The puff of flame hits you.
The orc wizard points at you and mumbles some strange words.
The magic dart hits you.
The orc wizard miscasts a cantrip.
The orc wizard casts a spell.
The orc wizard seems to speed up.
The orc wizard points at you and mumbles some strange words.
The puff of frost hits you.
The orc wizard points at you and mumbles some strange words.
The puff of flame hits you.
* * * LOW HITPOINT WARNING * * *
The orc wizard casts a spell at you. The puff of frost hits you!
You die...

................. #..
...........#....... ###
.................# # ... ...
#.....# # #+#.##.. #.....# #
#......#####....[########## .
+.......รท.......[.>........
..#..............(........<.#
......s.....@.....###########
.........o.oo.....#
##.......o..........
#.........o..#......
.......)......#......
.....................
....................
....................
................


You could see a scorpion, 3 orc wizards and 2 orcs.

Vanquished Creatures
  Edmund (D:3)
  An ogre (D:3)
  Natasha (D:4)
  2 orc wizards
  A worker ant (D:4)
  A hound zombie (D:3)
  Robin (D:3)
  A gnoll (D:1)
  3 adders
  2 oozes
  An adder skeleton (D:4)
  2 dart slugs
  7 orcs
  4 giant cockroaches
  15 goblins
  7 hobgoblins
  A quokka (D:4)
  5 bats
  A frilled lizard (D:1)
  8 kobolds
  A quokka skeleton (D:4)
  3 rats (D:1)
  A fungus (D:1)
70 creatures vanquished.

Vanquished Creatures (others)
  5 toadstools (D:1)
5 creatures vanquished.

Grand Total: 75 creatures vanquished

Notes
Turn   | Place    | Note
-------+----------+-------------------------------------------
     0 | D:1      | DerDa the Merfolk Ice Elementalist began the quest for the
                  | Orb.
     0 | D:1      | Reached XP level 1. HP: 13/13 MP: 3/3
   230 | D:1      | Reached XP level 2. HP: 9/19 MP: 0/5
   799 | D:1      | Reached XP level 3. HP: 24/24 MP: 3/6
  1410 | D:2      | Found a sacrificial altar of Ru.
  1458 | D:2      | Found a shimmering blue altar of Sif Muna.
  1463 | D:2      | Became a worshipper of Sif Muna the Loreminder
  1544 | D:2      | Found a blossoming altar of Fedhas.
  2029 | D:2      | Reached skill level 5 in Ice Magic
  2564 | D:3      | Reached XP level 4. HP: 30/30 MP: 3/8
  2598 | D:3      | Learned a level 3 spell: Frozen Ramparts
  2602 | D:3      | Learned a level 3 spell: Ozocubu's Armour
  2757 | D:3      | Reached skill level 1 in Invocations
  2889 | D:3      | Reached * piety under Sif Muna
  2892 | D:3      | Noticed Robin
  3087 | D:3      | Reached XP level 5. HP: 24/35 MP: 3/9
  3216 | D:3      | Killed Robin
  3341 | D:3      | Noticed an ogre
  3354 | D:3      | Killed an ogre
  3354 | D:3      | Reached XP level 6. HP: 41/41 MP: 5/11
  3542 | D:4      | Found a radiant altar of Vehumet.
  3571 | D:4      | Reached skill level 6 in Ice Magic
  3584 | D:4      | Noticed Edmund
  3638 | D:3      | Killed Edmund
  3638 | D:3      | Reached ** piety under Sif Muna
  3730 | D:4      | Reached XP level 7. HP: 45/46 MP: 10/13
  3739 | D:4      | Noticed Natasha
  3748 | D:4      | Killed Natasha
  3753 | D:4      | Killed from afar by an orc wizard

Illustrated notes

Levels and vault maps discovered:
D:1:      psy_arrival_basics, layout_loops_ring, minmay_gold_behind_fungi
D:2:      layout_basic, nicolae_ru_sacrificial_ziggurat, lemuel_doored_altar,
          lemuel_crystal_altar, first_ration
D:3:      layout_rooms, kennysheep_generic_room_13, uniq_robin
D:4:      layout_basic, dancing_weapons_uskayaw, okawaru_ov_weapons_minmay,
          kennysheep_little_box, nicolae_overflow_crystal_walls, serial_forest,
          infiniplex_forest_lined_3_way, infiniplex_forest_lined_room_3,
          infiniplex_forest_lined_1, infiniplex_forest_lined_corner,
          infiniplex_forest_straight_5, infiniplex_forest_lined_room_2,
          uniq_edmund, uniq_natasha

Skill      XL: |  1  2  3  4  5  6 |
---------------+-------------------+-----
Dodging        | 3 4 |  4.7
Ice Magic      | 5 6 |  6.3
Spellcasting   | 3 4 |  4.2
Invocations    | 1 2 |  2.4
Stealth        | |  2.1

Action                   |  1- 3 |  4- 6 |  7- 9 || total
-------------------------+-------+-------+-------++-------
Melee: Club              |    26 |    35 |       ||    61
       Unarmed           |     1 |       |       ||     1
Throw: Stone             |       |     2 |       ||     2
 Cast: Freeze            |    57 |    46 |     6 ||   109
       Ozocubu's Armour  |       |     2 |       ||     2
       Frozen Ramparts   |       |     7 |       ||     7
  Eat: Chunk             |     6 |     4 |       ||    10
Armor: Robe              |     4 |    32 |     1 ||    37
Dodge: Dodged            |    29 |    87 |     2 ||   118

Table legend:
 A = Non-vault XP
 B = Vault XP
 C = Vault XP percentage of total XP
 D = Non-vault monster count
 E = Vault monster count
 F = Vault count percentage of total count
                 A         B        C        D         E       F
            +---------+---------+-------+---------+---------+-------
      Total |     403 |     250 |  38.3 |      55 |      14 |  20.3
            +---------+---------+-------+---------+---------+-------
        D:1 |      41 |       0 |   0.0 |      17 |       0 |   0.0
        D:2 |      33 |       4 |  10.8 |      12 |       2 |  14.3
        D:3 |     220 |     211 |  49.0 |      16 |      11 |  40.7
        D:4 |     109 |      35 |  24.3 |      10 |       1 |   9.1
            +---------+---------+-------+---------+---------+-------
